 Dungeon Crawl Stone Soup version 0.27.0-1-g7a089689b8 (webtiles) character file.

Game seed: 10557335444396693424

40450 Crazydiamond the Grappler (level 13, -15/140 HPs)
             Began as a Troll Transmuter on Aug 16, 2021.
             Was a High Priest of Wu Jian.
             Shot with an arrow by Nessos (18 damage)
             ... on level 4 of the Lair of Beasts.
             The game lasted 00:59:19 (14335 turns).

Crazydiamond the Grappler (Troll Transmuter)       Turns: 14335, Time: 00:59:19

Health: -15/140    AC:  7    Str: 24    XL:     13   Next: 74%
Magic:  18/20      EV: 11    Int: 16    God:    Wu Jian [*****.]
Gold:   753        SH:  0    Dex: 10    Spells: 0/23 levels left

rFire    x . .     SeeInvis .     - Unarmed
rCold    + + +     Faith    .   (shield currently unavailable)
rNeg     . . .     Spirit   .   (armour currently unavailable)
rPois    +         Reflect  .   (helmet currently unavailable)
rElec    .         Harm     .   (cloak currently unavailable)
rCorr    .         Rampage  .   (gloves unavailable)
Will     .....                  (boots unavailable)
Stlth    ++........             V - amulet of regeneration
HPRegen  2.33/turn              q - ring of wizardry
MPRegen  0.17/turn              P - +6 ring of intelligence

@: ice-form (expiring)
A: freezing attack, amphibious, boosted hp, large, unfitting armour, (claws 3),
regeneration 1, (shaggy fur 1), (tough skin 1)
a: End Transformation, Renounce Religion, Wall Jump, Serpent's Lash, Heavenly
Storm


You were on level 4 of the Lair of Beasts.
You worshipped Wu Jian.
Wu Jian was extremely pleased with you.
You were a creature of crystalline ice.
You visited 4 branches of the dungeon, and saw 17 of its levels.

You collected 838 gold pieces.
You spent 85 gold pieces at shops.

Inventory:

Missiles
 f - 6 javelins
 G - 13 poisoned darts
 I - 2 throwing nets
 J - 8 silver boomerangs
 S - 5 large rocks (quivered)
Armour
 e - +0 fire dragon scales
 s - a +2 robe of fire resistance (melded)
 t - a +0 tower shield
 F - +0 swamp dragon scales
Jewellery
 q - a ring of wizardry (left front paw)
 u - an amulet of the acrobat
 x - a ring of willpower
 D - a ring of protection from cold
 E - a ring of wizardry
 H - a ring of protection from fire
 P - a +6 ring of intelligence (right front paw)
 Q - a ring of protection from fire
 T - a ring of flight
 V - an amulet of regeneration (around neck)
Wands
 m - a wand of polymorph (6)
 p - a wand of paralysis (24)
 w - a wand of flame (74)
 C - a wand of charming (42)
 N - a wand of mindburst (19)
Scrolls
 b - a scroll of identify
 c - 2 scrolls of blinking {unknown}
 d - 6 scrolls of magic mapping
 g - 5 scrolls of amnesia
 k - 3 scrolls of silence
 l - 3 scrolls of noise
 o - 3 scrolls of enchant weapon
 r - 3 scrolls of immolation
 y - a scroll of fog {unknown}
 A - 2 scrolls of enchant armour {unknown}
 K - a scroll of brand weapon {unknown}
 O - 2 scrolls of vulnerability
Potions
 a - 6 potions of curing
 h - 5 potions of degeneration
 i - a potion of haste {unknown}
 j - 2 potions of mutation
 v - a potion of resistance {unknown}
 z - 2 potions of magic {unknown}
 L - a potion of lignification {unknown}
 M - 4 potions of attraction
 R - a potion of flight {unknown}
 U - a potion of brilliance {unknown}


   Skills:
 + Level 4.6 Fighting
 + Level 1.8 Throwing
 + Level 1.3 Armour
 + Level 7.2 Dodging
 + Level 2.6 Stealth
 + Level 1.2 Shields
 + Level 14.5 Unarmed Combat
 + Level 5.7 Spellcasting
 + Level 0.9 Hexes
 + Level 1.0 Translocations
 + Level 6.4 Transmutations
 + Level 1.0 Fire Magic
 + Level 1.5 Ice Magic
 + Level 0.9 Air Magic
 + Level 1.4 Earth Magic
 + Level 1.3 Poison Magic
 + Level 1.3 Invocations
 + Level 1.1 Evocations


You couldn't memorise any spells.
You knew the following spells:

 Your Spells              Type           Power      Damage    Failure   Level
a - Beastly Appendage     Tmut           50%        N/A       1%          1
b - Wereblood             Tmut           25%        N/A       1%          2
c - Spider Form           Tmut/Pois      8%         N/A       3%          3
d - Ice Form              Ice/Tmut       17%        N/A       11%         4
e - Statue Form           Tmut/Erth      11%        N/A       83%         6
f - Dragon Form           Tmut           12%        N/A       96%         7

Your spell library contained the following spells:

 Spells                   Type           Power      Damage    Failure   Level
 Passwall                 Tmut/Erth      14%        N/A       1%          2
 Sandblast                Erth           18%        2d7       3%          1
 Portal Projectile        Hex/Tloc       14%        N/A       12%         3
 Petrify                  Tmut/Erth      17%        N/A       12%         4
 Call Canine Familiar     Summ           4%         N/A       16%         3
 Leda's Liquefaction      Hex/Erth       4%         N/A       32%         4
 Cause Fear               Hex            3%         N/A       34%         4
 Lee's Rapid Deconstruct  Erth           4%         3d6*      61%         5
 Metabolic Englaciation   Hex/Ice        4%         N/A       65%         5
 Conjure Ball Lightning   Conj/Air       3%         3x3d6     99%         6
 Discord                  Hex            3%         N/A       100%        8
 Disjunction              Tloc           4%         N/A       100%        8
 Dragon's Call            Summ           2%         N/A       100%        9


Dungeon Overview and Level Annotations

Branches:
Dungeon (11/15)            Temple (1/1) D:5            Lair (4/6) D:9
 Shoals (0/4) Lair:4       Spider (0/4) Lair:4          Orc (1/2) D:9

Altars:
Ashenzari
Cheibriados
Dithmenos
Elyvilon
Fedhas
Gozag
Hepliaklqana
Kikubaaqudgha
Makhleb
Nemelex Xobeh
Okawaru
Qazlal
Ru
Sif Muna
Trog
Uskayaw
Vehumet
Wu Jian
Xom
Yredelemnul
Zin
The Shining One
Beogh
Lugonu

Shops:
D:2 (   D:7 ?   D:10 (

Annotations:
Lair:1 exclusion: oklob plant
Lair:3 3 runed translucent doors, exclusion: 4 oklob plants, kalagan's ghost, journeyman DECj
Lair:4 2 runed translucent doors, Muajirr's ghost, journeyman GrFi; Nessos; Rupert


Innate Abilities, Weirdness & Mutations

You are a creature of crystalline ice.
You have a powerful freezing melee attack.
You are amphibious.
Your maximum health is increased.
Your armour is entirely melded.
You are incapable of wielding weapons or throwing items.
You are too large for most types of armour.
((You have claws for hands.))
Your natural rate of healing is unusually fast.
((You are covered in fur. (AC +1)))
((You have tough skin. (AC +1)))


Message History

You pummel Nessos!! You freeze Nessos!
Nessos is severely wounded.
Nessos closely misses you. Nessos kicks you but does no damage.
Nessos hits you! Nessos closely misses you.
You hit Nessos. You freeze Nessos.
Nessos is almost dead.
Nessos blinks!
A water moccasin comes into view.
Nessos wields a +3 longbow of flaming.
It bursts into flame!
Nessos shoots an arrow.
The arrow hits you!
* * * LOW HITPOINT WARNING * * *
The arrow melts you.
* * * LOW HITPOINT WARNING * * *
You feel much better.
Nessos shoots an arrow.
The arrow barely misses you.
Nessos shoots an arrow.
The arrow misses you.
The arrow hits the fungus!!
The fungus begins to die.
The arrow burns the fungus!
Nessos pounds the earth with their hooves.
Nessos shoots an arrow.
The arrow closely misses you.
The arrow hits the fungus!
The arrow burns the fungus.
The fungus is poisoned.
Nessos blinks!
Nessos blinks!
Nessos shoots an arrow.
The arrow hits you!! The arrow melts you.
Nessos shoots an arrow.
The arrow closely misses you.
You feel much better.
Nessos blinks!
Nessos shoots an arrow.
The arrow hits you!! The arrow melts you!
* * * LOW HITPOINT WARNING * * *
You feel much better.
Your transformation is almost over.
Nessos shoots an arrow.
The arrow hits you!
* * * LOW HITPOINT WARNING * * *
The arrow melts you.
* * * LOW HITPOINT WARNING * * *
Nessos blinks!
Your magical contamination has completely faded away.
A nearby fungus withers and dies.
Nessos blinks! x2
Nessos shoots an arrow.
The arrow hits you!!
* * * LOW HITPOINT WARNING * * *
The arrow melts you!
* * * LOW HITPOINT WARNING * * *
Nessos blinks!
Nessos shoots an arrow.
The arrow hits you!!
You die...

#..... ####...##.#####
#..... ##.#....##.# .....
#....†.....# ..
#.......#.## #.. ###
##.....##.# #... ##.##
#..##...###
.....###...#####.......#
..............##...#...#
..§.S.........Y.....#..#
.......###P....##.......#
...§### ##..............
... ##.....).###... ..
#.#.(.§..# ... ####c....#
.. ###§... ##P#. ##


You could see Nessos (fast).

Vanquished Creatures
  Harold (D:9)
  2 hydras
  A boulder beetle (D:10)
  A skeletal warrior (D:11)
  An oklob plant (Lair:4)
  A wolf spider (Lair:4)
  2 cyclopes (D:11)
  4 black mambas
  A torpor snail (Lair:2)
  5 cane toads
  Maggie (D:8)
  An unseen horror (D:11)
  4 kobold demonologists (D:10)
  6 komodo dragons
  3 polar bears
  A troll (D:7)
  A merfolk (Lair:4)
  Sigmund (D:3)
  4 wyverns
  23 yaks
  Grum (D:8)
  2 basilisks
  2 acid dragons
  14 water moccasins
  The ghost of Descartes the Covert, an amateur FeDe (D:3)
  2 ice beasts
  8 orc warriors
  2 sky beasts
  A black bear (Lair:2)
  A necrophage (D:6)
  4 centaurs (D:11)
  20 wolves
  3 ogres
  A kobold brigand (D:8)
  A phantom (D:4)
  2 wyvern zombies
  2 gnoll sergeants
  19 bullfrogs
  A scorpion (D:6)
  2 water moccasin zombies
  A water moccasin skeleton (D:5)
  4 killer bees (D:8)
  5 wights (D:8)
  3 howler monkeys
  4 electric eels
  A centaur skeleton (D:5)
  3 hounds
  8 orc priests
  6 centaur zombies
  An iguana (D:6)
  Ijyb (D:3)
  Terence (D:3)
  Natasha (thrice) (D:3)
  6 orc wizards
  A hound zombie (D:5)
  A howler monkey skeleton (D:6)
  9 adders
  11 gnolls
  8 river rats (D:5)
  2 white imps
  An ufetubus (D:4)
  2 worms
  4 dart slugs
  37 orcs
  4 ball pythons
  6 endoplasms
  6 giant cockroaches
  5 goblins
  5 hobgoblins
  16 jackals
  13 kobolds
  10 quokkas
  5 bats
  4 frilled lizards
  17 rats
367 creatures vanquished.

Vanquished Creatures (others)
  A ball python (D:4)
  7 demonic plants (D:10)
  17 fungi
  60 plants
  2 withered plants (D:3)
87 creatures vanquished.

Grand Total: 454 creatures vanquished

Notes
Turn   | Place    | Note
-------+----------+-------------------------------------------
     0 | D:1      | Crazydiamond the Troll Transmuter began the quest for the
                  | Orb.
     0 | D:1      | Reached XP level 1. HP: 18/18 MP: 1/1
   236 | D:1      | Reached XP level 2. HP: 26/26 MP: 2/2
   433 | D:1      | Found a faded altar of an unknown god.
   569 | D:2      | Reached XP level 3. HP: 32/32 MP: 4/4
   603 | D:2      | Reached skill level 4 in Unarmed Combat
   603 | D:2      | Reached XP level 4. HP: 32/40 MP: 5/5
   638 | D:2      | Found Natyul's Antique Weapon Shoppe.
   946 | D:2      | Learned a level 2 spell: Wereblood
   950 | D:2      | Learned a level 3 spell: Spider Form
  1014 | D:2      | Reached skill level 1 in Fighting
  1321 | D:3      | Noticed Ijyb
  1330 | D:3      | Reached XP level 5. HP: 45/48 MP: 3/6
  1333 | D:3      | Killed Ijyb
  1428 | D:3      | Noticed Sigmund
  1435 | D:3      | Killed Sigmund
  1436 | D:3      | Reached skill level 5 in Unarmed Combat
  1436 | D:3      | Reached XP level 6. HP: 55/55 MP: 5/7
  1630 | D:3      | Found a runed translucent door.
  1630 | D:3      | Noticed Descartes's ghost (amateur FeDe)
  1683 | D:3      | Noticed Terence
  1700 | D:3      | Killed Terence
  1757 | D:3      | Noticed Natasha
  1760 | D:3      | Killed Natasha
  2067 | D:3      | Noticed Natasha
  2075 | D:3      | Killed Natasha
  2627 | D:4      | Reached XP level 7. HP: 49/62 MP: 5/9
  2739 | D:3      | Noticed Natasha
  2745 | D:3      | Killed Natasha
  2912 | D:4      | Reached skill level 6 in Unarmed Combat
  3110 | D:5      | Entered Level 5 of the Dungeon
  3227 | D:5      | Learned a level 4 spell: Ice Form
  3429 | D:5      | Reached XP level 8. HP: 71/71 MP: 9/11
  3464 | D:5      | Found a staircase to the Ecumenical Temple.
  3505 | Temple   | Entered the Ecumenical Temple
  3595 | Temple   | Became a worshipper of the Wu Jian Council
  3640 | D:5      | Reached skill level 7 in Unarmed Combat
  3841 | D:5      | Reached skill level 1 in Stealth
  3865 | D:5      | Reached * piety under Wu Jian
  4443 | D:6      | Reached skill level 8 in Unarmed Combat
  4535 | D:6      | Reached XP level 9. HP: 79/79 MP: 13/13
  4909 | D:7      | Found Kiak's Magic Scroll Shoppe.
  4912 | D:7      | Bought a scroll of identify for 20 gold pieces
  4912 | D:7      | Bought a scroll of fear for 35 gold pieces
  4912 | D:7      | Bought a scroll of teleportation for 30 gold pieces
  4942 | D:7      | Noticed a troll
  4949 | D:7      | Killed a troll
  4991 | D:7      | Reached ** piety under Wu Jian
  5428 | D:7      | Found a hide-covered altar of Uskayaw.
  5713 | D:8      | Noticed Maggie
  5730 | D:8      | Killed Maggie
  5731 | D:8      | Reached skill level 9 in Unarmed Combat
  6151 | D:8      | Noticed Grum
  6161 | D:8      | Reached skill level 10 in Unarmed Combat
  6184 | D:8      | Killed Grum
  6185 | D:8      | Reached XP level 10. HP: 32/88 MP: 15/15
  6565 | D:3      | Killed Descartes's ghost
  6806 | D:9      | Found a staircase to the Orcish Mines.
  6811 | D:9      | Noticed Harold
  7112 | D:9      | Reached *** piety under Wu Jian
  7232 | D:9      | Killed Harold
  7256 | D:9      | Reached skill level 11 in Unarmed Combat
  7353 | D:8      | Reached skill level 5 in Dodging
  7572 | D:9      | You fall into a shaft and drop 2 floors!
  7633 | D:11     | Noticed a skeletal warrior
  7635 | D:11     | Noticed a skeletal warrior
  7689 | D:10     | Entered Level 10 of the Dungeon
  7690 | D:10     | Identified the +1 leather armour of the Blacksmith {rF+++
                  | rCorr Slay-2}
  8037 | D:9      | Found a staircase to the Lair.
  8060 | D:9      | Reached skill level 12 in Unarmed Combat
  8088 | D:9      | Reached XP level 11. HP: 56/96 MP: 16/16
  8629 | D:10     | Found a corrupted altar of Lugonu.
  8880 | D:10     | Noticed a boulder beetle
  8939 | D:10     | Noticed a soul eater
  9032 | D:10     | Reached **** piety under Wu Jian
  9063 | D:10     | HP: 4/97 [gnoll (11)]
  9388 | D:10     | Killed a boulder beetle
  9483 | D:10     | Found Upik's Weapon Boutique.
  9931 | D:11     | Reached skill level 5 in Transmutations
  9951 | D:11     | Reached skill level 13 in Unarmed Combat
 10297 | D:11     | Killed a skeletal warrior
 10479 | Orc:1    | Entered Level 1 of the Orcish Mines
 10479 | Orc:1    | Noticed an orc sorcerer
 10628 | Lair:1   | Entered Level 1 of the Lair of Beasts
 10864 | Lair:1   | Noticed an oklob plant
 10875 | Lair:1   | Noticed a five-headed hydra
 10889 | Lair:1   | Killed a five-headed hydra
 10890 | Lair:1   | Reached skill level 1 in Throwing
 10890 | Lair:1   | Reached skill level 5 in Spellcasting
 10988 | Lair:1   | Found the +2 robe of Vines {NoPotionHeal Regen+++}
 11343 | Lair:1   | Noticed an eight-headed hydra
 11437 | Lair:2   | Noticed a seven-headed hydra
 11622 | Lair:2   | Reached XP level 12. HP: 58/107 MP: 18/18
 11751 | Lair:2   | Learned a level 6 spell: Statue Form
 11899 | Lair:2   | Killed a seven-headed hydra
 12457 | Lair:3   | Reached ***** piety under Wu Jian
 12568 | Lair:3   | Reached skill level 14 in Unarmed Combat
 12576 | Lair:3   | Noticed a minotaur
 12576 | Lair:3   | Noticed kalagan's ghost (journeyman DECj)
 12578 | Lair:3   | Noticed an eight-headed hydra
 12599 | Lair:3   | Found a runed translucent gate.
 12599 | Lair:3   | Found a runed translucent gate.
 12599 | Lair:3   | Found a runed translucent gate.
 12613 | Lair:3   | Reached skill level 1 in Armour
 12613 | Lair:3   | Reached skill level 1 in Shields
 12613 | Lair:3   | Reached skill level 1 in Translocations
 12613 | Lair:3   | Reached skill level 1 in Fire Magic
 12613 | Lair:3   | Reached skill level 1 in Ice Magic
 12613 | Lair:3   | Reached skill level 1 in Earth Magic
 12613 | Lair:3   | Reached skill level 1 in Poison Magic
 12613 | Lair:3   | Reached skill level 1 in Invocations
 12613 | Lair:3   | Reached skill level 1 in Evocations
 12613 | Lair:3   | Reached XP level 13. HP: 117/117 MP: 20/20
 12883 | Lair:3   | Learned a level 7 spell: Dragon Form
 13660 | Lair:4   | Found a hole to the Spider Nest.
 14111 | Lair:4   | Found a large runed translucent door.
 14111 | Lair:4   | Found a large runed translucent door.
 14118 | Lair:4   | Found a staircase to the Shoals.
 14134 | Lair:4   | Noticed Muajirr's ghost (journeyman GrFi)
 14268 | Lair:4   | Noticed Rupert
 14314 | Lair:4   | Noticed Nessos
 14335 | Lair:4   | HP: 3/140 [Nessos/arrow (10)]
 14335 | Lair:4   | Shot with an arrow by Nessos

Illustrated notes

Levels and vault maps discovered:
D:1:      eino_arrival_water_cross, layout_basic,
          chequers_ecumenical_altar_lobes
D:2:      layout_loops_ring, serial_shops, shop_fountains
D:3:      layout_basic, gammafunk_ghost_grave, interstate_on_off,
          grunt_decor_cap, uniq_sigmund, uniq_natasha, uniq_ijyb, uniq_terence
D:4:      layout_rooms, st_stairs_1
D:5:      lemuel_ratsnest, layout_loops_cross, temple_statues
D:6:      layout_basic
D:7:      layout_basic, marbit_many_paths, serial_shops, shop
D:8:      layout_basic, serial_bayou_lagoon_a, uniq_grum, uniq_maggie
D:9:      layout_irregular_city, erik_lair_dragon, david_orc_5, nicolae_wwwww,
          uniq_harold
D:10:     kennysheep_kobold_lugonu_temple, layout_basic, serial_shops, shop,
          serial_bayou_lake_a
D:11:     layout_loops_ring
Temple:   nicolae_temple_the_god_donut
Lair:1:   layout_gridlike, nicolae_quartered_pool_super, st_stairs_8,
          hellmonk_guarded_unrand_vines, infiniplex_staircase_pool
Lair:2:   layout_concentric_octagons, wad_woods_river_03
Lair:3:   layout_cave_pods, maelrawn_ghost_gauntlet_escape, st_stairs_4,
          beast_lair_carwin_4, grunt_megastairs_3, serial_bayou_shore_b,
          minmay_lair_oklob_chamber
Lair:4:   layout_misc_corridors, elwin_shoals_entry_stream,
          spider_nest_entry_rubble, ebering_ghost_disaster_area,
          lemuel_fruit_tree, uniq_rupert, uniq_nessos
Orc:1:    nicolae_orc_accident_2, layout_caves

Skill      XL: |  1  2  3  4  5  6  7  8  9 10 11 12 13 |
---------------+----------------------------------------+-----
Dodging        | 2 3 4 5 6 7 |  7.2
Unarmed Combat | 4 5 6 8 10 12 13 14 | 14.5
Fighting       | 1 2 3 4 |  4.6
Transmutations | 2 3 4 5 6 |  6.4
Spellcasting   | 2 3 4 5 |  5.7
Stealth        | 1 2 |  2.6
Throwing       | 1 |  1.8
Armour         | 1 |  1.3
Shields        | 1 |  1.2
Translocations | 1 |  1.0
Fire Magic     | 1 |  1.0
Ice Magic      | 1 |  1.5
Earth Magic    | 1 |  1.4
Poison Magic   | 1 |  1.3
Invocations    | 1 |  1.3
Evocations     | 1 |  1.1
Hexes          | |  0.9
Air Magic      | |  0.9

Action                   |  1- 3 |  4- 6 |  7- 9 | 10-12 | 13-15 || total
-------------------------+-------+-------+-------+-------+-------++-------
Melee: Unarmed           |    72 |   152 |   317 |   529 |   156 ||  1226
       Kick              |       |    14 |    36 |    74 |     4 ||   128
       Headbutt          |       |    10 |    29 |    53 |     2 ||    94
       Punch             |       |     4 |     8 |    23 |     7 ||    42
Throw: Javelin           |       |       |     2 |     4 |       ||     6
       Large rock        |       |       |       |     1 |       ||     1
 Cast: Beastly Appendage |     1 |    18 |    33 |    57 |     2 ||   111
       Spider Form       |       |     2 |     3 |     1 |       ||     6
       Wereblood         |       |       |       |     3 |       ||     3
       Ice Form          |       |       |       |     4 |     9 ||    13
Invok: Lunge             |       |       |    19 |    47 |     4 ||    70
       Whirlwind         |       |       |     3 |    14 |     2 ||    19
       Serpent's Lash    |       |       |       |     1 |       ||     1
Evoke: Wand              |       |     1 |       |     2 |       ||     3
  Use: Scroll            |       |       |     5 |    15 |       ||    20
       Potion            |       |       |       |     2 |     4 ||     6
 Stab: Sleeping          |     1 |     1 |     3 |     2 |       ||     7
       Paralysed         |       |     3 |       |       |       ||     3
Armor: Robe              |    31 |    47 |    86 |   100 |    20 ||   284
       Skin              |       |       |       |    11 |    22 ||    33
Dodge: Dodged            |    42 |    97 |   131 |   235 |    64 ||   569
